AoeStats
← arkance

Arabia

510959567Analyzed
1v1 RM · 13h ago on Oct 3, 2026· 38m 58s· 2 players
Game mode
Random Map
Map size
Tiny (2 player)
Population
200
Speed
Normal
Resources
Standard
Victory
Conquest
Starting age
Dark Age
Ending age
Imperial Age
RankedLock teamsTeams togetherTeam positionsShared explorationLock speedFull tech treeHidden civsTurbo modeCheats
Victory
Defeat
🇫🇷 Magyars · France
1240
+17
🇪🇸 Poles · Spain
1269
-17
arkance
9:02 Feudal Age
8:48 Loom
9:46 Double-Bit Axe
11:10 Horse Collar
16:28 Scale Barding Armor
19:02 Wheelbarrow
22:10 Castle Age
20:37 Gold Mining
21:43 Bloodlines
23:18 Bow Saw
23:25 Heavy Plow
23:38 Husbandry
23:54 Fletching
26:29 Gold Shaft Mining
26:07 Bodkin Arrow
26:53 Town Watch
27:56 Ballistics
28:19 Padded Archer Armor
29:16 Thumb Ring
29:32 Leather Archer Armor
33:39 Stone Mining
39:00 Imperial Age
38:51 Hand Cart
Fuentelsaz
7:39 Loom
11:20 Feudal Age
20:23 Horse Collar
23:35 Wheelbarrow
23:11 Double-Bit Axe
23:45 Bloodlines
26:03 Castle Age
24:27 Scale Barding Armor
25:19 Forging
27:38 Iron Casting
26:49 Light Cavalry
28:12 Chain Barding Armor
28:02 Husbandry
29:13 Heavy Plow
30:35 Bow Saw
Connection lost

Rejoining the realm…

Still unreachable

The connection could not be restored.

Session expired

The server has moved on; the page needs a fresh start.